 Dungeon Crawl Stone Soup version 0.21-a0-110-g8e1637b (webtiles) character file.

161 GordonOverkill the Shooter (level 5, -3/44 HPs)
             Began as a Centaur Arcane Marksman on July 7, 2017.
             Slain by a gnoll
             ... wielding a +0 halberd
              (6 damage)
             ... on level 4 of the Dungeon.
             The game lasted 00:12:11 (4571 turns).

GordonOverkill the Shooter (CeAM)                   Turns: 4571, Time: 00:12:12

Health: -3/44      AC:  6    Str: 14    XL:     5   Next: 19%
Magic:  6/6        EV:  8    Int:  8    God:
Gold:   115        SH:  0    Dex:  9    Spells: 6/6 levels left

rFire    . . .     SeeInvis .   b - -3 hunting sling (curse)
rCold    . . .     Gourm    .   (no shield)
rNeg     . . .     Faith    .   i - +0 ring mail
rPois    .         Spirit   .   (no helmet)
rElec    .         Reflect  .   (no cloak)
rCorr    .         Harm     .   v - +0 pair of gloves
MR       +....                  (no barding)
Stlth    ..........             (no amulet)
HPRegen  0.14/turn              s - -4 ring of intelligence (curse)
MPRegen  0.10/turn              x - ring of protection from magic

@: berserk cooldown, slowed
A: hooves 3, deformed body, speed 2, tough skin 3
a: no special abilities


You were on level 4 of the Dungeon.
You were near starving.

You visited 2 branches of the dungeon, and saw 5 of its levels.

You collected 115 gold pieces.

Inventory:

Hand Weapons
 a - a +0 shortbow
 b - a cursed -3 hunting sling (weapon)
 k - a +0 trident
 w - a +0 spear
Missiles
 j - 76 arrows
 n - 21 bolts
Armour
 i - a +0 ring mail (worn)
 p - a +0 chain mail
 v - a +0 pair of gloves (worn)
Jewellery
 s - a cursed -4 ring of intelligence (left hand)
 x - a ring of protection from magic (right hand)
Scrolls
 c - a scroll of amnesia
 d - a scroll of enchant weapon {unknown}
 e - a scroll of identify
 g - 3 scrolls of immolation
 y - a scroll of teleportation
Potions
 l - a potion of magic {unknown}
 q - a potion of brilliance {unknown}
 t - 2 potions of curing {unknown}
 u - a potion of cancellation {unknown}
 z - 2 potions of ambrosia {unknown}
 C - a potion of berserk rage
Books
 m - a book of Misfortune

   Spells                             Type                      Level
   a - Confusing Touch                Hexes                        1
   b - Confuse                        Hexes                        3
   c - Gell's Gravitas                Translocation                3
   d - Petrify                        Transmutation/Earth          4
   e - Metabolic Englaciation         Hexes/Ice                    5
   f - Yara's Violent Unravelling     Hexes/Transmutation          5
 o - a book of Cantrips

   Spells                             Type                      Level
   a - Confusing Touch                Hexes                        1
   b - Animate Skeleton               Necromancy                   1
   c - Summon Small Mammal            Summoning                    1
   d - Apportation                    Translocation                1
Comestibles
 f - a bread ration
 h - a meat ration


   Skills:
 + Level 2.8 Fighting
 * Level 6.2 Bows
 - Level 1.3 Dodging
 - Level 1.0 Spellcasting
   Level 2.6 Hexes


You had 6 spell levels left.
You didn't know any spells.

Dungeon Overview and Level Annotations

Branches:
Dungeon (4/15)             Temple (1/1) D:4

Altars:
Fedhas
Hepliaklqana


Innate Abilities, Weirdness & Mutations

You have hooves in place of feet.
Armour fits poorly on your strangely shaped body.
You cover ground very quickly.
You have extremely tough skin. (AC +3)


Message History

Your ring mail prevents you from hitting the gnoll.
The gnoll hits you but does no damage.
The gnoll hits you from afar with a halberd.
The gnoll closely misses you.
You clumsily bash the gnoll but do no damage.
The gnoll hits you from afar with a halberd.
The gnoll barely misses you.
The gnoll hits you from afar with a halberd!
* * * LOW HITPOINT WARNING * * *
The gnoll hits you with a halberd.
* * * LOW HITPOINT WARNING * * *
You clumsily bash the gnoll but do no damage.
Your kick misses the gnoll. The gnoll barely misses you.
The gnoll hits you with a halberd.
* * * LOW HITPOINT WARNING * * *
The gnoll closely misses you. The gnoll hits you with a halberd.
* * * LOW HITPOINT WARNING * * *
You closely miss the gnoll. You kick the gnoll, but do no damage.
The gnoll closely misses you. The gnoll hits you with a halberd.
You die...

#.#.# #.
..######## .[#
#. ........# ###
#. ##.##.##.##
#.##.........###
..............#
#.#
#.#..⌠...⌠..#..
#.#
#.#......$..#.#
#.#
#......>......#
#.#
###@........###
###.##
###g.⌠...⌠..###
.....#
#.g...........#
###..##
#.#.........#..
###...#
#.##.##.##.## #
......#
#..#.#..# ..#
####..#
###.....## #.#
#..# #...#####
.# # #..# #.###


You could see 2 gnolls.

Vanquished Creatures
  4 adders
  An ooze (D:3)
  3 worms (D:2)
  4 dart slugs
  3 leopard geckos
  7 orcs
  2 ball pythons
  4 giant cockroaches
  5 hobgoblins (D:1)
  19 jackals
  12 bats
  5 frilled lizards (D:2)
  7 goblins
  7 kobolds
  6 rats
89 creatures vanquished.

Notes
Turn   | Place    | Note
-------+----------+-------------------------------------------
     0 | D:1      | GordonOverkill the Centaur Arcane Marksman began the quest for the Orb.
     0 | D:1      | Reached XP level 1. HP: 16/16 MP: 2/2
   137 | D:1      | Reached skill level 3 in Bows
   230 | D:1      | Reached XP level 2. HP: 15/23 MP: 3/3
   516 | D:1      | Reached skill level 4 in Bows
   898 | D:1      | Reached XP level 3. HP: 24/28 MP: 4/4
  1587 | D:2      | Found a blossoming altar of Fedhas.
  1727 | D:2      | Reached skill level 5 in Bows
  1727 | D:2      | Reached XP level 4. HP: 26/36 MP: 5/5
  3242 | D:3      | Reached XP level 5. HP: 38/42 MP: 6/6
  3647 | D:3      | Reached skill level 6 in Bows
  4421 | D:4      | Found a staircase to the Ecumenical Temple.
  4433 | Temple   | Entered the Ecumenical Temple
  4571 | D:4      | Slain by a gnoll

Vault maps used:
D:1:      mrwooster_arrival_statue_3, grunt_decor_cap, minmay_pentomino_r4
D:2:      fedhas_altar_1, grunt_decor_fettered
D:3:      cheibrodos_sewer_entry_bend, kennysheep_cross_room
D:4:      evilmike_ruin_ashenzari, minmay_temple_entry_large_hall, serial_shops,
          nicolae_shop_trees
Temple:   dshaligram_water_room_temple

Skill      XL: |  1  2  3  4  5 |
---------------+----------------+-----
Bows           | 3 4 5 6 |  6.2
Fighting       | 2 |  2.8
Dodging        | |  1.3
Spellcasting   | |  1.0
Hexes          | |  2.6

Action                   |  1- 3 |  4- 6 || total
-------------------------+-------+-------++-------
Melee: Short sword       |    84 |       ||    84
       Dagger            |     5 |       ||     5
       Kick              |    18 |    21 ||    39
       Spear             |     9 |   120 ||   129
       Hunting sling     |       |    17 ||    17
 Fire: Shortbow          |    62 |       ||    62
       Hunting sling     |       |    65 ||    65
Throw: Stone             |     4 |       ||     4
       Tomahawk          |       |    12 ||    12
  Use: Scroll            |       |     7 ||     7
       Potion            |       |     1 ||     1
  Eat: Chunk             |     2 |     6 ||     8
Armor: Ring mail         |    69 |    92 ||   161
       Robe              |     1 |       ||     1
Dodge: Dodged            |    61 |    78 ||   139
